 Dungeon Crawl Stone Soup version 0.30.1-3-gfc49f6343a (webtiles) character file.

Game seed: 15290286361220782477

364 H0rd4k the Charlatan (level 6, 0/39 HPs)
             Began as an Octopode Artificer on Aug 1, 2023.
             Killed from afar by an orc wizard (12 damage)
             ... with a puff of flame
             ... on level 4 of the Dungeon.
             The game lasted 00:01:53 (2097 turns).

H0rd4k the Charlatan (Octopode Artificer)           Turns: 2097, Time: 00:01:53

Health: 0/39       AC:  1    Str: 11    XL:     6   Next: 67%
Magic:  6/6        EV: 14    Int: 15    God:
Gold:   139        SH:  0    Dex: 13    Spells: 5/5 levels left

rFire   . .          .
                       - Unarmed
rCold   . . .        (no shield)
rNeg    . . .        (helmet restricted)
rPois   .            (no amulet)
rElec   .            (no ring)
rCorr   .            (no ring)
SInv    .            (no ring)
Will    .....        (no ring)
Stlth   +++          (no ring)
HPRegen 0.26/turn    (no ring)
MPRegen 0.10/turn    (no ring)
                     (no ring)

%: no passive effects
@: no status effects
A: almost no armour, amphibious, 8 rings, camouflage 1, gelatinous body 1,
(nimble swimmer 1), tentacles
a: no special abilities


You were on level 4 of the Dungeon.
You visited 1 branch of the dungeon, and saw 4 of its levels.

You collected 139 gold pieces.

Inventory:

Missiles
 q - 8 poisoned darts
Wands
 b - a wand of flame (7) (quivered)
 c - a wand of charming (13)
 d - a wand of iceblast (2)
Scrolls
 e - a scroll of fear {unknown}
 f - a scroll of butterflies {unknown}
 h - 2 scrolls of enchant armour {unknown}
 o - a scroll of identify {unknown}
 r - a scroll of vulnerability {unknown}
Potions
 a - 2 potions of flight {unknown}
 g - a potion of lignification {unknown}
 i - a potion of magic {unknown}
 j - 2 potions of curing {unknown}
 k - 2 potions of haste {unknown}
 l - a potion of ambrosia {unknown}
 m - a potion of heal wounds {unknown}
 n - 2 potions of mutation {unknown}
 p - a potion of cancellation {unknown}


   Skills:
 + Level 1.8 Fighting
 + Level 3.9 Dodging
 + Level 4.0 Stealth
 + Level 2.5 Unarmed Combat
 + Level 5.3 Evocations


You had 5 spell levels left.
You didn't know any spells.
Your spell library contained the following spells:

 Spells                   Type           Power      Damage    Failure   Level
 Tukima's Dance           Hex            0%         N/A       63%         3
 Passage of Golubria      Tloc           0%         N/A       95%         4
 Yara's Violent Unravell  Hex/Tmut       0%         3d3       100%        5


Dungeon Overview and Level Annotations

Branches:
Dungeon (3/15)

Altars:

Shops:
D:1 ?


Innate Abilities, Weirdness & Mutations

You cannot wear most types of armour.
You are amphibious.
You can wear up to eight rings at the same time.
Your skin changes colour to match your surroundings (Stealth+).
Your rubbery body absorbs attacks. (AC +1, EV +1)
((You are camouflaged when in or above water. (Stealth+)))
You have tentacles for arms and can constrict up to eight enemies at once.


Message History

You constrict the hobgoblin. The hobgoblin hits you.
You tentacle-slap the hobgoblin but do no damage.
The hobgoblin is severely wounded.
You constrict the hobgoblin.
You kill the hobgoblin!
You tentacle-slap the orc priest but do no damage.
You grab the orc priest. You constrict the orc priest.
The orc priest hits you but does no damage.
You tentacle-slap the orc priest.
The orc priest is moderately wounded.
You constrict the orc priest.
The orc priest invokes the aid of Beogh against you.
You barely resist.
The orc wizard shouts!
You tentacle-slap the orc priest. You squeeze the orc priest.
You kill the orc priest!
Your Stealth skill increases to level 4!
Aiming: Charm
Press: ? - help, Shift-Dir - straight line, f - orc wizard
Aim: an orc wizard, wielding a +0 dagger and wearing a +0 robe (chance to affect: 62%)
The orc wizard is charmed.
Unknown command.
What are your orders? t - Shout!
Orders for allies: a - Attack new target. p - Attack previous target. r - Retreat! s - Stop attacking. g - Guard the area. f - Follow me.
Anything else - Cancel.
Guard this area!
An orc wizard and an orc come into view.
An orc comes into view. It is wielding a +0 flail.
The orc wizard points at your orc wizard and mumbles some strange words.
The puff of flame hits you!
* * * LOW HITPOINT WARNING * * *
The orc shouts! x2
You hear an angry hiss.
An orc comes into view. It is wielding a +0 dagger.
The orc wizard points at you and mumbles some strange words.
The puff of flame hits you!
You die...

......#..[.........
......#[.......>........
.............o..........
........................
......)..Sg.............
.........g[####...........
........#### ...o.o.o.#
.........########........
.........)....o.@...o...#
.........##############.###
.........# #....#
.........# ##....#
.........# ####.....#
.........# #....#####
.........# #.####
.........# #.# .........#
#.#


You could see an orc wizard (ally target), 3 orcs and a friendly orc wizard
(charmed).

Vanquished Creatures
  Sigmund (D:2)
  An orc priest (D:4)
  Natasha (thrice) (D:2)
  2 adders
  2 gnolls (D:4)
  A worm (D:2)
  A dart slug (D:1)
  4 orcs (D:4)
  3 ball pythons
  4 endoplasms
  A giant cockroach (D:2)
  4 hobgoblins
  4 jackals (D:1)
  A quokka (D:1)
  3 bats
  3 frilled lizards (D:1)
  3 goblins
  3 kobolds
  2 rats (D:1)
46 creatures vanquished.

Vanquished Creatures (collateral kills)
  A gnoll (D:4)
1 creature vanquished.

Grand Total: 47 creatures vanquished

Notes
Turn   | Place    | Note
-------+----------+-------------------------------------------
     0 | D:1      | H0rd4k the Octopode Artificer began the quest for the Orb.
     0 | D:1      | Reached XP level 1. HP: 13/13 MP: 1/1
   115 | D:1      | Reached XP level 2. HP: 12/18 MP: 2/2
   356 | D:1      | Found Tytafol's Magic Scroll Boutique.
   676 | D:1      | Reached XP level 3. HP: 15/23 MP: 3/3
   844 | D:2      | Noticed Natasha
   848 | D:2      | Killed Natasha
   849 | D:2      | Reached skill level 1 in Unarmed Combat
   849 | D:2      | Reached skill level 4 in Evocations
   938 | D:2      | Noticed Natasha
   944 | D:2      | Killed Natasha
   945 | D:2      | Reached XP level 4. HP: 17/28 MP: 4/4
   968 | D:2      | Noticed Sigmund
   974 | D:2      | Killed Sigmund
   975 | D:2      | Reached skill level 5 in Evocations
   975 | D:2      | Reached XP level 5. HP: 31/33 MP: 5/5
   975 | D:2      | Reached XP level 6. HP: 36/38 MP: 6/6
  1060 | D:2      | Noticed Natasha
  1070 | D:2      | Killed Natasha
  1752 | D:3      | You fall into a shaft and drop 1 floor!
  2097 | D:4      | Killed from afar by an orc wizard

Illustrated notes

Levels and vault maps discovered:
D:1:      psy_arrival_fountain, layout_loops_ring, serial_shops,
          nicolae_shop_real_fake_doors
D:2:      layout_basic, uniq_natasha, uniq_sigmund
D:3:      layout_basic, mainiacjoe_overflow_surrounded_room
D:4:      layout_rooms

Skill      XL: |  1  2  3  4  5  6 |
---------------+-------------------+-----
Dodging        | 3 |  3.9
Unarmed Combat | 1 2 |  2.5
Evocations     | 4 5 |  5.3
Stealth        | 2 3 4 |  4.0
Fighting       | |  1.8

Action                     |  1- 3 |  4- 6 || total
---------------------------+-------+-------++-------
  Melee: Unarmed           |    52 |    64 ||   116
         Constrict         |    15 |    18 ||    33
         Tentacles         |    14 |    14 ||    28
         Punch             |       |     3 ||     3
  Evoke: Wand              |     7 |     6 ||    13
   Stab: Sleeping          |     3 |     1 ||     4
         Distracted        |       |     1 ||     1
 Armour: Skin              |     6 |     6 ||    12
  Dodge: Dodged            |    28 |    33 ||    61
